Map: Acid Plant LE

Players

TenaciousDG

  • Race: Zerg Zerg
  • League: Master
  • Spawn Location: 5:00

FisterRoboto - Winner!

  • Race: Zerg Zerg
  • League: Master
  • Spawn Location: 11:00

VOD

Have the link to the VOD?

Description

Time

  • Played on: Feb. 24, 2018, 10:25 p.m.
  • Length: 11:42
Show
View Real Time Build Order
Export as new Build Order

TenaciousDG Zerg 

Build Orders: Pool First, Zergling Baneling 

Get SALT Encoding   

  12  0:02  Drone  
  13  0:13  Overlord  
  13  0:17  Drone  
  14  0:31  Drone x2  
  16  0:38  Drone  
  17  0:45  Spawning Pool  
  17  0:50  Drone  
  17  1:09  Hatchery  
  16  1:12  Drone  
  16  1:15  Extractor  
  16  1:17  Drone  
  17  1:21  Drone  
  18  1:30  Drone  
  19  1:34  Queen  
  19  1:39  Overlord  
  21  1:51  Zergling x2  
  22  2:01  Drone  
  23  2:10  Queen  
  25  2:16  Drone  
  25  2:18  Metabolic Boost  
  25  2:21  Queen  
  28  2:25  Drone x2  
  30  2:36  Zergling x4  
  32  2:46  Drone x4  
  32  2:49  Overlord  
  36  2:57  Overlord  
  36  3:13  Baneling Nest  
  36  3:17  Zergling x2  
  36  3:18  Zergling x10  
  41  3:24  Drone x3  
  41  3:25  Overlord  
  44  3:27  Drone  
  45  3:36  Drone  
  46  3:46  Drone x2  
  46  3:47  Drone x3  
  51  3:54  Zergling x2  
  48  4:04  Zergling x4  
  48  4:05  Zergling x4  
  48  4:08  Baneling  
  48  4:09  Baneling x9  
  52  4:14  Extractor x2  
  50  4:21  Zergling x6  
  50  4:22  Zergling x6  
  53  4:45  Zergling x2  
  53  4:46  Zergling x6  
  53  5:17  Zergling x2  
  53  5:18  Zergling x10  
  48  5:28  Zergling x2  
  48  5:29  Hatchery  
  47  5:36  Hatchery  
  47  5:42  Zergling x10  
  44  5:43  Zergling x4  
  35  6:04  Zergling x4  
  35  6:10  Queen x2  
  35  6:11  Zergling x4  
  29  6:27  Zergling x2  
  29  6:28  Zergling x4  
  29  6:30  Baneling x2  
  29  6:31  Baneling x2  
  32  6:40  Zergling x6  
  32  6:41  Queen  
  32  6:42  Zergling x2  
  32  6:46  Queen  
  40  6:49  Queen  
  38  7:11  Zergling x6  
  38  7:12  Zergling x8  
  42  7:21  Zergling x4  
  39  7:44  Drone  
  39  7:45  Drone x9  
  49  8:03  Baneling x7  
  49  8:04  Baneling x2  
  49  8:10  Drone x2  
  49  8:11  Drone x5  
  53  8:29  Drone  
  53  8:30  Drone x6  
  53  8:31  Drone x3  
  53  8:33  Extractor  
  57  8:47  Zergling x2  
  57  8:48  Zergling x18  
  61  8:50  Zergling x2  
  61  8:51  Zergling x2  
  68  9:05  Lair  
  68  9:06  Drone x3  
  68  9:07  Roach Warren  
  70  9:23  Baneling  
  70  9:24  Baneling x5  
  65  9:47  Roach x3  
  68  9:55  Roach x2  
  68  9:56  Overlord x4  
  68  9:57  Overlord x2  
  72  10:02  Evolution Chamber  
  72  10:03  Glial Reconstitution  
  72  10:05  Evolution Chamber  
  70  10:11  Roach  
  70  10:12  Overlord x2  
  72  10:17  Drone x3  
  72  10:19  Roach  
  72  10:20  Roach x8  
  93  10:24  Ravager x4  
  93  10:25  Ravager  
  98  10:31  Drone x5  
  103  10:40  Roach x4, Zergling x4  
  94  11:09  Roach x6  
  94  11:10  Roach x4  
  94  11:11  Zergling x4  
Show
View Real Time Build Order
Export as new Build Order

FisterRoboto Zerg - Winner!

Build Orders: Hatch First, Zergling Baneling 

Get SALT Encoding   

  12  0:01  Drone  
  13  0:12  Overlord  
  13  0:18  Drone  
  14  0:31  Drone x2  
  16  0:35  Drone  
  17  0:54  Hatchery  
  17  0:56  Drone  
  17  0:58  Drone  
  18  1:11  Extractor  
  18  1:13  Spawning Pool  
  18  1:16  Drone  
  17  1:19  Drone  
  18  1:28  Drone  
  19  1:42  Overlord  
  19  1:50  Drone  
  20  2:00  Queen  
  22  2:05  Queen  
  22  2:07  Zergling x4  
  26  2:13  Drone  
  27  2:16  Metabolic Boost  
  27  2:17  Drone  
  27  2:22  Drone  
  29  2:29  Drone  
  30  2:33  Baneling Nest  
  30  2:35  Drone  
  30  2:39  Drone  
  31  2:54  Hatchery  
  31  2:57  Drone  
  31  2:58  Drone x2  
  33  3:01  Overlord  
  31  3:16  Zergling x10  
  36  3:21  Zergling x6  
  36  3:26  Zergling x4  
  41  3:37  Zergling x4  
  43  3:45  Baneling  
  43  3:46  Baneling x3  
  43  3:47  Zergling x2  
  44  3:48  Overlord  
  44  4:00  Overlord, Zergling x2  
  41  4:04  Zergling x6  
  44  4:11  Zergling x6  
  44  4:13  Queen  
  48  4:28  Baneling x4  
  48  4:31  Zergling x4  
  48  4:32  Zergling x8  
  53  4:44  Baneling x4  
  51  4:46  Zergling x18  
  51  4:49  Zergling x2  
  52  5:00  Zergling x8  
  56  5:10  Zergling x2  
  49  5:21  Zergling x8  
  49  5:22  Zergling x2  
  54  5:29  Drone  
  54  5:32  Baneling x2  
  54  5:33  Baneling x2  
  49  5:44  Drone x10  
  49  5:45  Drone  
  52  6:03  Zergling x14  
  55  6:11  Drone x5  
  60  6:20  Drone x2  
  60  6:21  Evolution Chamber, Drone, Roach Warren  
  60  6:22  Extractor, Evolution Chamber  
  56  6:32  Drone x3  
  59  6:34  Baneling  
  59  6:35  Baneling x3  
  59  6:37  Drone x6  
  65  6:43  Zergling x2  
  65  6:44  Overlord x2  
  66  6:48  Zerg Missile Weapons Level 1  
  66  7:03  Roach  
  66  7:04  Roach x4  
  69  7:12  Roach x2  
  69  7:14  Zergling x18  
  81  7:19  Extractor  
  80  7:23  Roach  
  75  7:37  Drone x6  
  81  7:46  Zerg Ground Armor Level 1  
  81  7:50  Overlord x8  
  81  8:08  Queen  
  81  8:10  Roach  
  81  8:11  Roach x6  
  97  8:24  Queen  
  97  8:26  Lair  
  97  8:32  Drone x9  
  93  8:42  Drone x3  
  93  8:47  Drone  
  97  8:51  Extractor  
  96  9:05  Pneumatized Carapace  
  96  9:06  Drone x2  
  96  9:07  Drone  
  96  9:08  Drone x5  
  104  9:15  Extractor  
  104  9:16  Roach  
  107  9:17  Roach, Hatchery  
  107  9:20  Extractor  
  107  9:21  Hatchery  
  104  9:26  Roach x4  
  104  9:27  Roach  
  114  9:36  Glial Reconstitution  
  114  9:54  Hatchery  
  114  9:57  Roach x8  
  129  10:22  Roach x4  
  129  10:24  Baneling  
  129  10:25  Baneling x2  
  129  10:26  Baneling  
  129  10:27  Baneling  
  129  10:28  Baneling x2  
  137  10:29  Baneling  
  137  10:30  Baneling  
  137  10:31  Baneling  
  137  10:32  Baneling  
  137  10:41  Roach  
  137  10:42  Roach x2  
  141  11:00  Roach x7  
  148  11:08  Roach  
  148  11:09  Roach x3  
  150  11:18  Roach x4  
Tags
 
Add a new tag
Caveats
  • Supply blocks, unpowered buildings, or Contaminate may cause inaccurate times.
  • Supply counts are checked every 10 seconds.